 Dungeon Crawl Stone Soup version 0.24-a0-57-gac335f2 (webtiles) character file.

Game seed: 9503672167863128623

1878 Ijustatesigmund the Cleaver (level 9, 0/79 HPs)
             Began as a Hill Orc Fighter on Feb 4, 2019.
             Was an Initiate of the Shining One.
             Slain by a five-headed hydra (11 damage)
             ... on level 7 of the Dungeon.
             The game lasted 00:14:14 (5504 turns).

Ijustatesigmund the Cleaver (Hill Orc Fighter)      Turns: 5504, Time: 00:14:15

Health: 0/79       AC: 17    Str: 23    XL:     9   Next: 14%
Magic:  9/9        EV:  7    Int:  8    God:    the Shining One [......]
Gold:   222        SH: 10    Dex: 13    Spells: 8/8 levels left

rFire    . . .     SeeInvis .   t - +0 whip of Juhid {freeze, Str+4} (curse)
rCold    . . .     Gourm    .   c - +0 shield
rNeg     . . .     Faith    .   b - +0 chain mail
rPois    .         Spirit   .   m - +0 helmet
rElec    .         Reflect  .   k - +1 cloak
rCorr    .         Harm     .   (no gloves)
MR       ++...                  u - +1 pair of boots
Stlth    ..........             (no amulet)
HPRegen  0.63/turn              p - ring of protection from magic
MPRegen  0.11/turn              o - +1 ring of slaying

@: glowing
A: iridescent scales 1, magic resistance 1, regeneration 1, wild magic 1
a: Renounce Religion


You were on level 7 of the Dungeon.
You worshipped the Shining One.
The Shining One was noncommittal.
You were not hungry.

You visited 2 branches of the dungeon, and saw 8 of its levels.

You collected 352 gold pieces.
You spent 130 gold pieces at shops.

Inventory:

Hand Weapons
 a - a +0 war axe
 q - a +1 broad axe
 t - the cursed +0 whip of Juhid (weapon) {freeze, Str+4}
   (You found it on level 5 of the Dungeon)

   It has been specially enchanted to freeze those struck by it, causing extra
   injury to most foes and up to half again as much damage against particularly
   susceptible opponents.
   It can also slow down cold-blooded creatures.
   It affects your strength (+4).
   It has a curse placed upon it.
Armour
 b - a +0 chain mail (worn)
 c - a +0 shield (worn)
 k - a +1 cloak (worn)
 m - a +0 helmet (worn)
 u - a +1 pair of boots (worn)
Jewellery
 d - an uncursed ring of fire
 o - a +1 ring of slaying (right hand)
 p - a ring of protection from magic (left hand)
 r - an uncursed ring of wizardry
 v - a cursed ring of teleportation {unknown}
Wands
 n - a wand of paralysis (1)
Scrolls
 e - 2 scrolls of identify
 j - a scroll of immolation
Potions
 h - a potion of cancellation
 i - 2 potions of flight
 l - a potion of lignification
Comestibles
 f - 13 rations


   Skills:
 + Level 7.6 Fighting
 + Level 10.3 Axes
 - Level 5.1 Armour
 + Level 3.2 Dodging
 - Level 5.0 Shields


You had 8 spell levels left.
You didn't know any spells.
Your spell library was empty.

Dungeon Overview and Level Annotations

Branches:
Dungeon (7/15)             Temple (1/1) D:6

Altars:
Ashenzari
Cheibriados
Dithmenos
Elyvilon
Fedhas
Gozag
Hepliaklqana
Kikubaaqudgha
Makhleb
Nemelex Xobeh
Okawaru
Qazlal
Ru
Sif Muna
Trog
Uskayaw
Vehumet
Wu Jian
Xom
Yredelemnul
Zin
The Shining One

Shops:
D:4 (   D:6 %%*[


Innate Abilities, Weirdness & Mutations

You are partially covered in iridescent scales. (AC +2)
You are resistant to hostile enchantments. (MR+)
Your natural rate of healing is unusually fast.
Your spells are a little harder to cast, but a little more powerful.


Message History

Evoke which item? (* to show all) (? for menu, Esc to quit)
Aiming: Paralyse
Press: ? - help, Shift-Dir - straight line, f/p - five-headed hydra
Aim: a five-headed hydra (moderately wounded, chance to defeat MR: 15%)
The five-headed hydra resists with almost no effort.
The five-headed hydra barely misses you.
The five-headed hydra bites you. x2
* * * LOW HITPOINT WARNING * * *
The five-headed hydra bites you!
* * * LOW HITPOINT WARNING * * *
You block the five-headed hydra's attack.
You hit the five-headed hydra.
The five-headed hydra seems to slow down.
You freeze the five-headed hydra.
The five-headed hydra is moderately wounded.
The five-headed hydra bites you.
* * * LOW HITPOINT WARNING * * *
The five-headed hydra bites you but does no damage. x2
The five-headed hydra bites you!
You die...

##########...#
#..........#
#.........)##.####
#..).รท((o(........
#...)..D..)##..###
#####.###### #
#..o## ###D.# ##@#
#.......# ###.....#
..##.. ## ..#


You could see a five-headed hydra and an orc.

Vanquished Creatures
  A hornet (D:7)
  A sky beast (D:6)
  2 orc warriors
  2 ice beasts
  4 ogres
  A crocodile (D:6)
  A gnoll sergeant (D:5)
  A bullfrog (D:6)
  A scorpion (D:7)
  3 crimson imps
  2 hounds
  4 jellies
  Ijyb (D:3)
  2 orc wizards
  2 worker ants
  A hound zombie (D:6)
  2 gnolls (D:6)
  6 adders
  A shadow imp (D:5)
  An ooze (D:3)
  2 adder zombies (D:5)
  2 worms (D:2)
  A dart slug (D:2)
  3 leopard geckos
  13 orcs
  9 bats
  3 giant cockroaches
  13 goblins
  8 hobgoblins
  6 jackals (D:4)
  4 kobolds
  A ball python (D:3)
  3 frilled lizards
  6 rats
113 creatures vanquished.

Vanquished Creatures (others)
  A human (D:3)
1 creature vanquished.

Grand Total: 114 creatures vanquished

Notes
Turn   | Place    | Note
-------+----------+-------------------------------------------
     0 | D:1      | Ijustatesigmund the Hill Orc Fighter began the quest for
                  | the Orb.
     0 | D:1      | Reached XP level 1. HP: 19/19 MP: 1/1
    18 | D:1      | Reached skill level 3 in Axes
    37 | D:1      | Reached XP level 2. HP: 19/26 MP: 2/2
   160 | D:1      | Reached skill level 4 in Axes
   559 | D:1      | Reached XP level 3. HP: 30/31 MP: 3/3
  1061 | D:2      | Reached skill level 5 in Axes
  1351 | D:2      | Found a sacrificial altar of Ru.
  1665 | D:3      | Noticed Ijyb
  1672 | D:3      | Killed Ijyb
  1672 | D:3      | Reached XP level 4. HP: 38/39 MP: 4/4
  1818 | D:3      | Reached skill level 6 in Axes
  2045 | D:3      | Found a shadowy altar of Dithmenos.
  2218 | D:3      | Reached XP level 5. HP: 42/45 MP: 5/5
  2321 | D:3      | Found an ancient bone altar of Kikubaaqudgha.
  2349 | D:3      | Reached skill level 7 in Axes
  2480 | D:3      | Noticed a human
  2481 | D:3      | Killed a human
  2678 | D:4      | Found Ecieror's Antique Weapon Boutique.
  2688 | D:4      | Bought a broad axe for 104 gold pieces
  2970 | D:5      | Entered Level 5 of the Dungeon
  2974 | D:5      | Got a slimy whip
  2975 | D:5      | Identified the cursed +0 whip of Juhid {freeze, Str+4} (You
                  | found it on level 5 of the Dungeon)
  3059 | D:5      | Reached XP level 6. HP: 49/52 MP: 6/6
  3070 | D:5      | Noticed an ice beast
  3080 | D:5      | Killed an ice beast
  3089 | D:5      | Reached skill level 8 in Axes
  3089 | D:5      | Reached XP level 7. HP: 45/60 MP: 7/7
  3511 | D:5      | Gained mutation: Your spells are a little harder to cast,
                  | but a little more powerful. [potion of mutation]
  3511 | D:5      | Gained mutation: You are partially covered in iridescent
                  | scales. (AC +2) [potion of mutation]
  3511 | D:5      | Gained mutation: Your natural rate of healing is unusually
                  | fast. [potion of mutation]
  3511 | D:5      | Gained mutation: You are resistant to hostile enchantments.
                  | (MR+) [potion of mutation]
  3677 | D:6      | Reached skill level 5 in Fighting
  3728 | D:6      | Found Qofuub's Food Shoppe.
  3731 | D:6      | Found Leyd's Assorted Antiques.
  3746 | D:6      | Bought a scroll labeled DOSORA COLYKIO for 26 gold pieces
  3779 | D:6      | Found Muegg's Antique Armour Shoppe.
  3916 | D:6      | Reached skill level 5 in Armour
  3916 | D:6      | Reached skill level 5 in Shields
  3916 | D:6      | Reached XP level 8. HP: 69/69 MP: 8/8
  3952 | D:6      | Found Mifirero's Food Shop.
  3975 | D:6      | Reached skill level 9 in Axes
  4429 | D:6      | Reached skill level 1 in Dodging
  4595 | D:6      | Found a staircase to the Ecumenical Temple.
  4747 | Temple   | Entered the Ecumenical Temple
  4889 | Temple   | Became a worshipper of the Shining One
  5187 | D:7      | Noticed a hornet
  5228 | D:7      | Killed a hornet
  5228 | D:7      | Reached skill level 10 in Axes
  5363 | D:7      | Noticed a five-headed hydra
  5436 | D:7      | Reached XP level 9. HP: 70/79 MP: 9/9
  5504 | D:7      | Slain by a five-headed hydra

Vault maps used:
D:1:      evilmike_arrival_hilbert_curve, hangedman_glass_teeth, st_stairs_13
D:2:      st_stairs_7, grunt_decor_mini_mirrors, nicolae_ru_path_of_blood
D:3:      nicolae_overflow_crystal_walls, tgw_kikubaaqudgha, uniq_ijyb
D:4:      serial_shops, shop_statue, first_ration, minmay_misc_feat_more_columns
D:6:      minmay_temple_entry_poolview, serial_shops, nicolae_shop_waterfront,
          shop, nicolae_shop_window_shopping, shop
Temple:   kilobyte_greek_temple

Skill      XL: |  1  2  3  4  5  6  7  8  9 |
---------------+----------------------------+-----
Axes           | 3 4 5 6 7 8 10 | 10.3
Fighting       | 4 5 7 |  7.6
Armour         | 4 5 |  5.1
Shields        | 4 5 |  5.0
Dodging        | 2 3 |  3.2

Action                   |  1- 3 |  4- 6 |  7- 9 || total
-------------------------+-------+-------+-------++-------
Melee: War axe           |   131 |   122 |       ||   253
       Whip              |       |    33 |   365 ||   398
       Broad axe         |       |     4 |       ||     4
Evoke: Wand              |       |       |     8 ||     8
  Use: Scroll            |     7 |     5 |     7 ||    19
       Potion            |     1 |     3 |     5 ||     9
 Stab: Paralysed         |       |       |     7 ||     7
  Eat: Chunk             |     2 |     5 |     2 ||     9
       Ration            |       |       |     2 ||     2
Armor: Scale mail        |    48 |       |       ||    48
       Chain mail        |    25 |    95 |   196 ||   316
       Skin              |       |       |    13 ||    13
Dodge: Dodged            |    47 |    26 |    85 ||   158
Block: Shield            |    55 |    78 |   206 ||   339

Table legend:
 A = Non-vault XP
 B = Vault XP
 C = Vault XP percentage of total XP
 D = Non-vault monster count
 E = Vault monster count
 F = Vault count percentage of total count
                 A         B        C        D         E       F
            +---------+---------+-------+---------+---------+-------
      Total |    2641 |      42 |   1.6 |     108 |       5 |   4.4
            +---------+---------+-------+---------+---------+-------
        D:1 |      30 |       5 |  14.3 |      17 |       3 |  15.0
        D:2 |      29 |       1 |   3.3 |      13 |       1 |   7.1
        D:3 |     130 |      36 |  21.7 |      28 |       1 |   3.4
        D:4 |      31 |       0 |   0.0 |       9 |       0 |   0.0
        D:5 |     511 |       0 |   0.0 |      11 |       0 |   0.0
        D:6 |    1131 |       0 |   0.0 |      21 |       0 |   0.0
        D:7 |     779 |       0 |   0.0 |       9 |       0 |   0.0
            +---------+---------+-------+---------+---------+-------
